BSA
IRVINE GANG GREEN @ NEW YORK KNIGHTS
09/20/2025
 
TOP OF THE 1ST
Irvine Gang Green batting - Pitching for New York Knights : RHP José Gómez
Pitching: RHP José Gómez
Batting: LHB Tony Tavárez 0-0: Called Strike
0-1: Ball
1-1: Called Strike
1-2: Strikes out looking
Batting: LHB Leonardo Medina 0-0: Ball
1-0: Called Strike
1-1: Hit by Pitch
Batting: LHB Jesús Campos 0-0: Ball
Leonardo Medina steals 2nd base
1-0: Ground out 1-3 (Groundball, 13)
Leonardo Medina to third
Batting: LHB Víctor Quiñones 0-0: Ball
1-0: Ball
2-0: Ball
3-0: Base on Balls
Batting: RHB Eichiro Yamamoto 0-0: Foul Ball, location: 2F
0-1: Swinging Strike
0-2: Ball
1-2: Ball
2-2: Strikes out swinging
Top of the 1st over - 0 run(s), 0 hit(s), 0 error(s), 2 left on base; Irvine 0 - New York 0
BOTTOM OF THE 1ST
New York Knights batting - Pitching for Irvine Gang Green : LHP Masutaro Koyama
Pitching: LHP Masutaro Koyama
Batting: RHB Daryl Floyd 0-0: Ball
1-0: Ball
2-0: Foul Ball, location: 2F
2-1: Foul Ball, location: 2F
2-2: Ball
3-2: Ground out 5-3 (Groundball, 56S)
Batting: RHB Sixto Vélez 0-0: Called Strike
0-1: Swinging Strike
0-2: Strikes out looking
Batting: LHB Tom Waller 0-0: Ball
1-0: Ball
2-0: Foul Ball, location: 2F
2-1: SINGLE (Groundball, 34D)
Batting: SHB Marvin Harris 0-0: Called Strike
0-1: Called Strike
0-2: Ball
1-2: Foul Ball, location: 2F
1-2: Strikes out swinging
Bottom of the 1st over - 0 run(s), 1 hit(s), 0 error(s), 1 left on base; Irvine 0 - New York 0
TOP OF THE 2ND
Irvine Gang Green batting - Pitching for New York Knights : RHP José Gómez
Batting: RHB José Salazar 0-0: Called Strike
0-1: Ball
1-1: Swinging Strike
1-2: Foul Ball, location: 2F
1-2: Ball
2-2: Ball
3-2: Base on Balls
Batting: RHB Santo Cruz 0-0: Ball
1-0: Called Strike
1-1: Grounds into double play, 1-6-3 (Groundball, 15S)
Batting: LHB Bill Murphy 0-0: Foul Ball, location: 2F
0-1: Ball
1-1: Called Strike
1-2: Strikes out swinging
Top of the 2nd over - 0 run(s), 0 hit(s), 0 error(s), 0 left on base; Irvine 0 - New York 0
BOTTOM OF THE 2ND
New York Knights batting - Pitching for Irvine Gang Green : LHP Masutaro Koyama
Batting: RHB Pepe Carrasco 0-0: Ball
1-0: Called Strike
1-1: Ball
2-1: Swinging Strike
2-2: Foul Ball, location: 2F
2-2: Strikes out swinging
Batting: RHB Eugenio Lucero 0-0: Called Strike
0-1: Ball
1-1: Foul Ball, location: 2F
1-2: Ball
2-2: SINGLE (Groundball, 6MD)
Batting: LHB Warren Potter 0-0: Ball
1-0: Ball
2-0: Ball
3-0: Called Strike
3-1: Swinging Strike
3-2: Foul Ball, location: 2F
3-2: Foul Ball, location: 2F
3-2: Strikes out looking
Batting: RHB Yasuhiko Sumita 0-0: Ball
1-0: Called Strike
1-1: SINGLE (Groundball, 56)
Eugenio Lucero to second
Batting: RHB Lonnie Anderson 0-0: Called Strike
0-1: Ground out 1-3 (Groundball, 13)
Bottom of the 2nd over - 0 run(s), 2 hit(s), 0 error(s), 2 left on base; Irvine 0 - New York 0
TOP OF THE 3RD
Irvine Gang Green batting - Pitching for New York Knights : RHP José Gómez
Batting: RHB Tom Doherty 0-0: Called Strike
0-1: Ball
1-1: Swinging Strike
1-2: Ball
2-2: Ground out 6-3 (Groundball, 6M)
Batting: LHB Tony Tavárez 0-0: Called Strike
0-1: Foul Ball, location: 2F
0-2: Ball
1-2: Fly out, F5 (Popup, 5S)
Batting: LHB Leonardo Medina 0-0: Ball
1-0: Called Strike
1-1: Ball
2-1: Swinging Strike
2-2: Ground out 1-3 (Groundball, 13)
Top of the 3rd over - 0 run(s), 0 hit(s), 0 error(s), 0 left on base; Irvine 0 - New York 0
BOTTOM OF THE 3RD
New York Knights batting - Pitching for Irvine Gang Green : LHP Masutaro Koyama
Batting: RHB Daryl Floyd 0-0: Ground out 6-3 (Groundball, 6)
Batting: RHB Sixto Vélez 0-0: DOUBLE (Flyball, 7LD)
Batting: LHB Tom Waller 0-0: Ball
1-0: Swinging Strike
1-1: TRIPLE (Line Drive, 8RXD)
Sixto Vélez scores
Pinch Runner at 3rd Vincente Sáenz:
Batting: SHB Marvin Harris 0-0: Called Strike
0-1: Ball
1-1: Ball
2-1: Foul Ball, location: 2F
2-2: Ball
3-2: Fly out, F3 (Popup, 3SF)
Batting: RHB Pepe Carrasco 0-0: Called Strike
0-1: Ball
1-1: Swinging Strike
1-2: Foul Ball, location: 2F
1-2: Ball
2-2: Ground out 5-3 (Groundball, 5)
Bottom of the 3rd over - 1 run(s), 2 hit(s), 0 error(s), 1 left on base; Irvine 0 - New York 1
TOP OF THE 4TH
Irvine Gang Green batting - Pitching for New York Knights : RHP José Gómez
Batting: LHB Jesús Campos 0-0: Fly out, F7 (Line Drive, 78M)
Batting: LHB Víctor Quiñones 0-0: Ball
1-0: Foul Ball, location: 2F
1-1: Ground out 3-1 (Groundball, 3)
Batting: RHB Eichiro Yamamoto 0-0: Called Strike
0-1: Ball
1-1: Ball
2-1: SOLO HOME RUN (Flyball, 8RXD), Distance : 421 ft
Batting: RHB José Salazar 0-0: Called Strike
0-1: Foul Ball, location: 2F
0-2: Foul Ball, location: 2F
0-2: Ground out 5-3 (Groundball, 56)
Top of the 4th over - 1 run(s), 1 hit(s), 0 error(s), 0 left on base; Irvine 1 - New York 1
BOTTOM OF THE 4TH
New York Knights batting - Pitching for Irvine Gang Green : LHP Masutaro Koyama
Batting: RHB Eugenio Lucero 0-0: Ball
1-0: Foul Ball, location: 2F
1-1: Called Strike
1-2: Foul Ball, location: 2F
1-2: Foul Ball, location: 2F
1-2: Ball
2-2: Foul Ball, location: 2F
2-2: Ground out 5-3 (Groundball, 5S)
Batting: LHB Warren Potter 0-0: Ball
1-0: Fly out, F7 (Flyball, 7M)
Batting: RHB Yasuhiko Sumita 0-0: Ball
1-0: Ground out 2-3 (Groundball, 25)
Bottom of the 4th over - 0 run(s), 0 hit(s), 0 error(s), 0 left on base; Irvine 1 - New York 1
TOP OF THE 5TH
Irvine Gang Green batting - Pitching for New York Knights : RHP José Gómez
Batting: RHB Santo Cruz 0-0: Ball
1-0: Swinging Strike
1-1: Ball
2-1: Foul Ball, location: 2F
2-2: Ball
3-2: Base on Balls
Batting: LHB Bill Murphy 0-0: Ball
1-0: Called Strike
Santo Cruz steals 2nd base
1-1: Ball
2-1: Ground out 2-3 (Groundball, 2L)
Santo Cruz to third
Batting: RHB Tom Doherty 0-0: Swinging Strike
0-1: Foul Ball, location: 2F
0-2: Foul Ball, location: 2F
0-2: Ground out 4-3 (Groundball, 4)
Santo Cruz scores
Batting: LHB Tony Tavárez 0-0: Called Strike
0-1: Ball
1-1: Bunt missed!
1-2: Fly out, F3 (Line Drive, 3)
Top of the 5th over - 1 run(s), 0 hit(s), 0 error(s), 0 left on base; Irvine 2 - New York 1
BOTTOM OF THE 5TH
New York Knights batting - Pitching for Irvine Gang Green : LHP Masutaro Koyama
Batting: RHB Lonnie Anderson 0-0: Foul Ball, location: 2F
0-1: Ball
1-1: Ball
2-1: Ball
3-1: Ground out 4-3 (Groundball, 4)
Batting: RHB Daryl Floyd 0-0: SINGLE (Line Drive, 6MD)
Batting: RHB Sixto Vélez 0-0: Ball
1-0: Ball
2-0: Ball
Daryl Floyd is caught stealing 2nd base
3-0: Called Strike
3-1: Foul Ball, location: 2F
3-2: Strikes out swinging
Bottom of the 5th over - 0 run(s), 1 hit(s), 0 error(s), 0 left on base; Irvine 2 - New York 1
TOP OF THE 6TH
Irvine Gang Green batting - Pitching for New York Knights : RHP José Gómez
Batting: LHB Leonardo Medina 0-0: Called Strike
0-1: Ball
1-1: Swinging Strike
1-2: Ground out 3-1 (Groundball, 34)
Batting: LHB Jesús Campos 0-0: Ball
1-0: Ground out 5-3 (Groundball, 56)
Batting: LHB Víctor Quiñones 0-0: Called Strike
0-1: Swinging Strike
0-2: Ball
1-2: Ground out U3 (Groundball, 3)
Top of the 6th over - 0 run(s), 0 hit(s), 0 error(s), 0 left on base; Irvine 2 - New York 1
BOTTOM OF THE 6TH
New York Knights batting - Pitching for Irvine Gang Green : LHP Masutaro Koyama
Batting: LHB Vincente Sáenz 0-0: SINGLE (Line Drive, 34)
Batting: SHB Marvin Harris 0-0: Grounds into double play, 4-6-3 (Groundball, 4)
Batting: RHB Pepe Carrasco 0-0: Ball
1-0: Called Strike
1-1: Foul Ball, location: 2F
1-2: Ball
2-2: Strikes out swinging
Bottom of the 6th over - 0 run(s), 1 hit(s), 0 error(s), 0 left on base; Irvine 2 - New York 1
TOP OF THE 7TH
Irvine Gang Green batting - Pitching for New York Knights : RHP José Gómez
Batting: RHB Eichiro Yamamoto 0-0: Ball
1-0: Ground out 1-3 (Groundball, 13S)
Batting: RHB José Salazar 0-0: Foul Ball, location: 2F
0-1: Ball
1-1: Fly out, F8 (Line Drive, 8LS)
Batting: RHB Santo Cruz 0-0: Ground out 6-3 (Groundball, 6)
Top of the 7th over - 0 run(s), 0 hit(s), 0 error(s), 0 left on base; Irvine 2 - New York 1
BOTTOM OF THE 7TH
New York Knights batting - Pitching for Irvine Gang Green : LHP Masutaro Koyama
Batting: RHB Eugenio Lucero 0-0: Ball
1-0: Swinging Strike
1-1: Called Strike
1-2: Foul Ball, location: 2F
1-2: Foul Ball, location: 2F
1-2: Foul Ball, location: 2F
1-2: Ball
2-2: Strikes out swinging
Batting: LHB Warren Potter 0-0: Ball
1-0: Ball
2-0: Foul Ball, location: 2F
2-1: Ground out 6-3 (Groundball, 6M)
Batting: RHB Yasuhiko Sumita 0-0: Called Strike
0-1: Called Strike
0-2: Fly out, F9 (Flyball, 9LM)
Bottom of the 7th over - 0 run(s), 0 hit(s), 0 error(s), 0 left on base; Irvine 2 - New York 1
TOP OF THE 8TH
Irvine Gang Green batting - Pitching for New York Knights : RHP José Gómez
Batting: LHB Bill Murphy 0-0: Foul Ball, location: 2F
0-1: Called Strike
0-2: Foul Ball, location: 2F
0-2: Foul Ball, location: 2F
0-2: Ball
1-2: Fly out, F5 (Popup, 5SF)
Batting: RHB Tom Doherty 0-0: Ball
1-0: Swinging Strike
1-1: SINGLE (Line Drive, 89S)
Pinch Hitting: RHB Manny Copriviza 0-0: Fly out, F3 (Popup, 3SF)
Batting: LHB Leonardo Medina 0-0: SINGLE (Line Drive, 9LS)
Tom Doherty to second
Batting: LHB Jesús Campos 0-0: Called Strike
0-1: Called Strike
0-2: Ground out 4-3 (Groundball, 34)
Top of the 8th over - 0 run(s), 2 hit(s), 0 error(s), 2 left on base; Irvine 2 - New York 1
BOTTOM OF THE 8TH
New York Knights batting - Pitching for Irvine Gang Green : LHP Masutaro Koyama
Now in LF: Pepe González
Batting: RHB Lonnie Anderson 0-0: Foul Ball, location: 2F
0-1: Ball
1-1: Ball
2-1: Ball
3-1: Reached on error, E2 (Groundball, 23)
Batting: RHB Daryl Floyd 0-0: Swinging Strike
0-1: Swinging Strike
0-2: Foul Ball, location: 2F
0-2: Ball
Passed Ball!
Lonnie Anderson to third
1-2: Ball
2-2: Foul Ball, location: 2F
2-2: Foul Ball, location: 2F
2-2: Ball
3-2: Strikes out swinging
Pitching: RHP Kuang-yin Yue
Batting: RHB Sixto Vélez 0-0: Swinging Strike
0-1: Swinging Strike
0-2: Ball
1-2: Strikes out swinging
Pitching: LHP Yu-shu Kong
Batting: LHB Vincente Sáenz 0-0: Swinging Strike
0-1: Foul Ball, location: 2F
0-2: Ball
1-2: Strikes out looking
Bottom of the 8th over - 0 run(s), 0 hit(s), 1 error(s), 1 left on base; Irvine 2 - New York 1
TOP OF THE 9TH
Irvine Gang Green batting - Pitching for New York Knights : RHP José Gómez
Batting: LHB Víctor Quiñones 0-0: Foul Ball, location: 2F
0-1: Foul Ball, location: 2F
0-2: Ball
1-2: Foul Ball, location: 2F
1-2: Ball
2-2: Ball
3-2: DOUBLE (Line Drive, 3D)
Pinch Hitting: LHB Luis Padilla 0-0: Ball
1-0: Foul Ball, location: 2F
1-1: Ball
2-1: Swinging Strike
2-2: Strikes out swinging
Batting: RHB José Salazar 0-0: Intentional Walk
Pitching: RHP António Sánchez
Pinch Hitting: SHB Ramón Lugo 0-0: Called Strike
0-1: Ball
1-1: Ball
2-1: Ball
3-1: Called Strike
3-2: Ground out 3-1 (Groundball, 34)
Víctor Quiñones to third
José Salazar to second
Pitching: LHP Leo Huggins
Pinch Hitting: RHB Raúl Salas 0-0: Ball
1-0: SINGLE (Groundball, 25) (infield hit)
Víctor Quiñones scores
José Salazar to third
Pitching: RHP Dan Wilson
Batting: RHB Tom Doherty 0-0: Ball
1-0: DOUBLE (Line Drive, 9LS)
José Salazar scores
Raúl Salas to third
Batting: RHB Pepe González 0-0: Ball
1-0: Ball
2-0: Ball
3-0: Called Strike
3-1: Ground out 4-3 (Groundball, 4)
Top of the 9th over - 2 run(s), 3 hit(s), 0 error(s), 2 left on base; Irvine 4 - New York 1
BOTTOM OF THE 9TH
New York Knights batting - Pitching for Irvine Gang Green : LHP Yu-shu Kong
Pitching: RHP Mike Fisher
Now at 2B: Ramón Lugo
Now at SS: Oliver Hernández
Now in RF: Luis Padilla
Batting: SHB Marvin Harris 0-0: Ball
1-0: Ball
2-0: Foul Ball, location: 2F
2-1: Ball
3-1: Base on Balls
Batting: RHB Pepe Carrasco 0-0: Foul Ball, location: 2F
0-1: Ball
1-1: Ball
2-1: Swinging Strike
2-2: Strikes out swinging
Batting: RHB Eugenio Lucero 0-0: Ball
1-0: Ball
2-0: Foul Ball, location: 2F
2-1: Ball
3-1: Grounds into double play, 3-6-1 (Groundball, 3)
Bottom of the 9th over - 0 run(s), 0 hit(s), 0 error(s), 0 left on base; Irvine 4 - New York 1
This league is powered by Out of the Park Baseball, the baseball management simulation game for PC, Mac and Linux
Tuesday, August 2nd, 2016 - OOTP Baseball 16.8 Build 38